Map: Nightshade LE

Players

bleu

  • Race: Zerg Zerg
  • League: Diamond
  • Spawn Location: 11:00

A.I. 1 (Very Easy) - Winner!

  • Race: Zerg Zerg
  • Spawn Location: 5:00

VOD

Have the link to the VOD?

Description

Time

  • Played on: March 24, 2020, 6:50 p.m.
  • Length: 4:47
Show
View Real Time Build Order
Export as new Build Order

bleu Zerg 

Build Orders: Hatch First 

Get SALT Encoding   

  12  0:01  Drone  
  13  0:13  Overlord  
  13  0:17  Drone  
  14  0:31  Drone x2  
  16  0:49  Hatchery  
  15  0:52  Drone  
  15  0:56  Drone  
  17  0:59  Drone  
  18  1:11  Extractor  
  18  1:16  Spawning Pool  
  16  1:19  Drone  
  16  1:22  Drone  
  18  1:28  Drone  
  19  1:39  Drone  
  20  1:50  Overlord  
  20  2:02  Queen x2  
  20  2:03  Zergling x4  
  26  2:11  Drone  
  26  2:12  Drone  
  28  2:16  Metabolic Boost  
  28  2:22  Drone  
  29  2:23  Drone  
  30  2:41  Hatchery  
  29  2:46  Drone x2  
  29  2:51  Queen  
  31  2:56  Overlord  
  33  2:59  Drone  
  33  3:02  Drone  
  33  3:04  Drone  
  36  3:11  Pneumatized Carapace  
  36  3:16  Drone x3  
  36  3:17  Drone  
  40  3:21  Overlord  
  40  3:25  Drone  
  40  3:27  Drone  
  42  3:32  Queen  
  44  3:35  Overlord  
  44  3:39  Zergling x2  
  44  3:40  Zergling x2  
  46  3:46  Drone x3  
  49  3:51  Drone  
  49  3:53  Drone  
  51  3:56  Queen, Drone  
  51  3:59  Drone  
  51  4:00  Drone x2  
  57  4:03  Drone  
  57  4:04  Drone  
  57  4:06  Drone  
  62  4:17  Overlord  
  62  4:20  Overlord  
  62  4:23  Overlord  
  62  4:26  Drone  
  62  4:27  Drone x2  
  62  4:29  Drone  
  66  4:31  Extractor  
  66  4:33  Extractor  
Show
View Real Time Build Order
Export as new Build Order

A.I. 1 (Very Easy) Zerg - Winner!

Build Orders: Pool Only 

Get SALT Encoding   

  12  0:00  Drone  
  13  0:12  Overlord  
  13  0:16  Drone  
  14  0:35  Spawning Pool  
  14  0:37  Extractor  
  14  0:39  Drone  
  13  0:46  Drone  
  14  0:51  Overlord  
  14  1:22  Queen  
  14  1:23  Zergling x2  
  17  1:30  Roach Warren  
  16  1:34  Drone  
  16  1:37  Extractor  
  16  1:43  Drone  
  17  1:49  Zergling x2  
  18  2:01  Drone  
  19  2:08  Drone  
  20  2:15  Zergling x2  
  20  2:16  Drone  
  22  2:27  Overlord  
  22  2:31  Drone  
  23  2:38  Drone  
  23  2:42  Roach  
  26  2:45  Drone  
Tags
 
League
Diamond
Matchup
ZvZ
Race
Zerg
Spawn Locations
Cross Positions
Add a new tag
Caveats
  • Supply blocks, unpowered buildings, or Contaminate may cause inaccurate times.
  • Supply counts are checked every 10 seconds.